 Dungeon Crawl Stone Soup version 0.22.1-1-ga44c0e5 (webtiles) character file.

97 MTVSty1e the Skirmisher (level 4, 0/29 HPs)
             Began as a Gargoyle Fighter on Oct 24, 2018.
             Slain by Jessica (3 damage)
             ... on level 3 of the Dungeon.
             The game lasted 00:01:54 (1678 turns).

MTVSty1e the Skirmisher (Gargoyle Fighter)          Turns: 1678, Time: 00:01:55

Health: 0/29       AC: 11    Str: 21    XL:     4   Next: 68%
Magic:  4/4        EV:  7    Int:  8    God:
Gold:   115        SH:  9    Dex:  9    Spells: 3/3 levels left

rFire    . . .     SeeInvis .   a - +0 war axe
rCold    . . .     Gourm    .   c - +0 shield
rNeg     + . .     Faith    .   b - +0 scale mail
rPois    ∞         Spirit   .   (no helmet)
rElec    +         Reflect  .   j - +0 cloak
rCorr    .         Harm     .   (no gloves)
MR       .....                  (no boots)
Stlth    ..........             (no amulet)
HPRegen  0.09/turn              (no ring)
MPRegen  0.09/turn              (no ring)

@: no status effects
A: negative energy resistance 1, electricity resistance, unbreathing,
petrification resistance, rot immunity, AC +3
a: no special abilities


You were on level 3 of the Dungeon.
You were not hungry.

You visited 1 branch of the dungeon, and saw 3 of its levels.

You collected 115 gold pieces.

Inventory:

Hand Weapons
 a - a +0 war axe (weapon)
Armour
 b - a +0 scale mail (worn)
 c - a +0 shield (worn)
 j - a +0 cloak (worn)
Jewellery
 l - a cursed amulet of inaccuracy {unknown}
Scrolls
 g - 2 scrolls of teleportation
 h - 3 scrolls of remove curse
Potions
 d - 2 potions of might
 e - a potion of curing {unknown}
 i - a potion of resistance {unknown}
 k - a potion of heal wounds {unknown}
Comestibles
 f - 7 rations


   Skills:
 + Level 4.2 Fighting
 * Level 3.6 Axes
 - Level 3.2 Armour
 - Level 3.2 Shields


You had 3 spell levels left.
You didn't know any spells.
Your spell library was empty.

Dungeon Overview and Level Annotations

Branches:
Dungeon (3/15)

Altars:
Qazlal

Annotations:
D:3 Jessica


Innate Abilities, Weirdness & Mutations

You are resistant to torment.
Your stone body is resilient. (AC +3)
You are immune to poison.
You resist negative energy. (rN+)
You are resistant to electric shocks. (rElec)
You can survive without breathing.
You are immune to petrification.
You are immune to rotting.


Message History

Jessica gestures wildly.
Jessica points at you and mumbles some strange words.
Pain shoots through your body!
* * * LOW HITPOINT WARNING * * *
Jessica hits you but does no damage. You block Jessica's attack.
Your scale mail prevents you from hitting Jessica.
Jessica is severely wounded.
Jessica hits you but does no damage. You block Jessica's attack.
You closely miss Jessica.
Jessica is severely wounded.
Jessica hits you but does no damage. x2
Jessica mumbles some strange words.
Jessica blinks!
You feel yourself speed up. Jessica gestures at you while chanting.
You resist with some effort.
You closely miss Jessica.
Jessica is severely wounded.
Jessica barely misses you. Jessica hits you.
You die...

'#####...........# #.......###...
.#####...........# #....#### #...
.....#...........######.# #...
.....#.............. .#.# #...
..)..#...........####.#.######...
.....#####.....>......#.##.......
.....# #............#.##......#
.....# #............# #......#
.....# #......@@....# #......#
.....# #######.#.##.# #......#
.....# #.# # #......# .....# #.#
#......# ##### #.# #......# #.#
#......# #.# #.# #..


You could see Jessica.

Vanquished Creatures
  4 adders
  An ooze (D:2)
  A worm (D:3)
  A dart slug (D:1)
  2 leopard geckos
  An orc (D:3)
  10 bats
  4 giant cockroaches
  3 goblins (D:3)
  6 hobgoblins
  4 jackals (D:2)
  2 quokkas (D:2)
  5 frilled lizards
  4 kobolds
  A quokka zombie (D:2)
  A rat (D:3)
50 creatures vanquished.

Notes
Turn   | Place    | Note
-------+----------+-------------------------------------------
     0 | D:1      | MTVSty1e the Gargoyle Fighter began the quest for the Orb.
     0 | D:1      | Reached XP level 1. HP: 14/14 MP: 1/1
   199 | D:1      | Reached XP level 2. HP: 19/19 MP: 2/2
   748 | D:2      | Reached XP level 3. HP: 23/24 MP: 3/3
   833 | D:2      | Reached skill level 4 in Fighting
  1169 | D:2      | Reached XP level 4. HP: 29/29 MP: 4/4
  1329 | D:3      | Found a stormy altar of Qazlal.
  1661 | D:3      | Noticed Jessica
  1678 | D:3      | Slain by Jessica

Skill      XL: |  1  2  3 |
---------------+----------+-----
Axes           | 2 3 |  3.6
Fighting       | 4 |  4.2
Armour         | |  3.2
Shields        | |  3.2

Action                   |  1- 3 |  4- 6 || total
-------------------------+-------+-------++-------
Melee: War axe           |    98 |    73 ||   171
  Use: Scroll            |     3 |       ||     3
  Eat: Ration            |     1 |       ||     1
Armor: Scale mail        |    75 |    40 ||   115
Dodge: Dodged            |    49 |    24 ||    73
Block: Shield            |    71 |    42 ||   113
